Map: Nightshade LE

Players

ViBE - Winner!

  • Race: Terran Terran
  • League: Diamond
  • Spawn Location: 11:00

OmegaStar

  • Race: Protoss Protoss
  • League: Diamond
  • Spawn Location: 5:00

VOD

Have the link to the VOD?

Description

Time

  • Played on: Dec. 17, 2019, 9:11 p.m.
  • Length: 11:54
Show
View Real Time Build Order
Export as new Build Order

ViBE Terran - Winner!

Build Orders: Reaper Expand, Mech 

Get SALT Encoding   

  12  0:00  SCV  
  13  0:13  SCV  
  14  0:17  Supply Depot  
  14  0:25  SCV  
  15  0:39  SCV  
  15  0:40  Barracks  
  16  0:44  Refinery  
  16  0:54  SCV  
  17  1:06  SCV  
  18  1:21  SCV  
  19  1:33  Orbital Command, Reaper  
  20  1:43  Command Center  
  20  1:59  SCV  
  21  2:11  SCV  
  22  2:23  SCV  
  22  2:24  Factory, Refinery  
  23  2:35  Barracks Tech Lab  
  23  2:36  SCV  
  24  2:42  Supply Depot  
  24  2:48  SCV  
  25  2:56  Orbital Command  
  25  3:00  SCV  
  26  3:12  SCV  
  27  3:18  Cyclone  
  27  3:19  Mag-Field Accelerator  
  30  3:23  SCV  
  30  3:24  SCV  
  32  3:28  Supply Depot  
  32  3:35  SCV  
  32  3:36  SCV  
  34  3:48  SCV x2  
  34  3:50  Cyclone  
  38  4:00  SCV x2  
  40  4:06  Command Center  
  40  4:12  SCV  
  40  4:16  Factory  
  41  4:22  SCV, Cyclone  
  45  4:24  SCV  
  46  4:34  SCV  
  46  4:35  Refinery  
  46  4:36  SCV, Factory, Refinery  
  48  4:47  SCV  
  48  4:48  SCV  
  50  4:53  Supply Depot  
  50  4:54  Cyclone  
  50  4:59  SCV  
  54  5:00  SCV  
  55  5:11  SCV, Factory Tech Lab  
  55  5:12  SCV  
  57  5:16  Supply Depot  
  57  5:20  Engineering Bay  
  57  5:22  Factory, Factory Tech Lab  
  57  5:24  SCV x2, Factory  
  57  5:25  Orbital Command  
  57  5:26  Command Center  
  59  5:41  Cyclone x2  
  65  5:45  Supply Depot  
  65  5:52  Cyclone  
  65  5:54  Missile Turret  
  65  5:55  Missile Turret  
  68  5:57  SCV  
  68  5:58  SCV x2  
  71  6:06  Missile Turret  
  71  6:12  Factory Reactor  
  71  6:13  Factory Reactor  
  71  6:14  Missile Turret  
  71  6:16  SCV x3  
  74  6:28  SCV x3  
  77  6:33  Cyclone x3  
  86  6:40  SCV x3  
  86  6:44  Refinery  
  86  6:46  Refinery  
  89  6:54  Hellion x3  
  95  6:55  Hellion  
  95  7:01  SCV x3  
  98  7:06  Supply Depot  
  98  7:07  Supply Depot x2  
  100  7:09  Cyclone x2  
  100  7:10  Armory x2  
  106  7:24  SCV x3  
  106  7:29  Planetary Fortress  
  109  7:35  Cyclone  
  109  7:36  Hellion x4  
  120  7:42  Missile Turret, Factory  
  120  7:44  Factory  
  120  7:45  SCV x2  
  120  7:46  SCV  
  123  7:57  SCV, Command Center  
  124  8:00  Hellion  
  124  8:01  Hellion x2  
  124  8:03  Hellion  
  132  8:07  Cyclone  
  132  8:09  Cyclone  
  138  8:17  Infernal Pre-Igniter  
  138  8:19  Smart Servos  
  138  8:23  Supply Depot, Cyclone  
  138  8:24  Supply Depot x3  
  138  8:25  Terran Vehicle Weapons Level 1  
  141  8:27  Terran Vehicle And Ship Armor Level 1  
  141  8:29  Factory Reactor, Factory Tech Lab  
  141  8:43  Hellbat x4  
  141  8:45  Siege Tank x2  
  155  8:57  Siege Tank  
  155  8:58  SCV  
  155  8:59  SCV x2  
  155  9:00  SCV, Siege Tank  
  165  9:05  Supply Depot  
  165  9:06  Supply Depot  
  155  9:28  Thor x2  
  155  9:30  Hellbat, Hellion  
  155  9:31  Hellbat x4  
  176  9:43  SCV x3  
  176  9:45  SCV  
  180  9:48  Refinery  
  180  9:49  Refinery  
  180  9:56  Command Center  
  180  9:57  Siege Tank x2  
  186  10:12  Siege Tank x2  
  186  10:14  Hellbat x4  
  200  10:34  Planetary Fortress  
  200  10:40  Factory  
  200  10:42  Factory x2  
  198  11:00  Hellbat  
  180  11:27  Hellbat x3  
  180  11:28  Hellbat x3, Factory Tech Lab  
  180  11:29  Factory Tech Lab x2  
  176  11:41  Command Center  
Show
View Real Time Build Order
Export as new Build Order

OmegaStar Protoss 

Build Orders: 1 Gate Expand, Chargelot Immortal, Colossus Rush 

Get SALT Encoding   

  12  0:01  Probe  
  13  0:13  Probe  
  14  0:18  Pylon  
  14  0:25  Probe  
  15  0:36  Gateway  
  15  0:42  Probe  
  16  0:54  Probe, Assimilator  
  17  1:06  Probe  
  18  1:18  Probe  
  19  1:30  Probe (Chrono Boost)  
  20  1:36  Cybernetics Core  
  20  1:38  Nexus  
  20  1:43  Probe (Chrono Boost)  
  21  1:48  Assimilator  
  21  1:49  Probe (Chrono Boost)  
  22  1:56  Pylon  
  22  1:57  Probe  
  23  2:11  Adept (Chrono Boost)  
  23  2:14  Probe  
  25  2:26  Probe  
  26  2:33  Warp Gate  
  26  2:37  Robotics Facility  
  26  2:40  Probe  
  27  2:50  Stalker  
  29  2:53  Probe  
  30  3:00  Probe  
  30  3:05  Probe  
  32  3:07  Pylon  
  32  3:15  Probe  
  33  3:20  Stalker  
  35  3:27  Robotics Bay  
  35  3:28  Probe  
  35  3:31  Warp Prism (Chrono Boost)  
  37  3:48  Probe  
  37  3:50  Probe  
  37  3:52  Stalker  
  41  3:58  Pylon  
  41  4:01  Probe  
  41  4:02  Probe  
  43  4:10  Colossus (Chrono Boost)  
  43  4:13  Probe  
  50  4:23  Probe  
  51  4:24  Gateway  
  51  4:29  Probe  
  51  4:30  Pylon  
  52  4:35  Probe  
  51  4:49  Shield Battery  
  51  4:51  Stalker  
  53  5:01  Probe  
  53  5:03  Immortal  
  58  5:09  Gateway, Extended Thermal Lance  
  58  5:10  Pylon  
  58  5:11  Probe  
  58  5:14  Assimilator  
  59  5:16  Assimilator  
  59  5:33  Probe  
  60  5:42  Twilight Council  
  60  5:48  Nexus  
  60  5:50  Pylon  
  60  5:51  Observer  
  61  5:59  Stalker x2  
  61  6:00  Probe  
  61  6:04  Pylon  
  66  6:07  Gateway  
  66  6:14  Immortal  
  66  6:17  Probe  
  71  6:22  Assimilator  
  71  6:25  Assimilator  
  71  6:26  Probe  
  71  6:29  Pylon  
  71  6:32  Probe  
  73  6:34  Charge (Chrono Boost)  
  73  6:39  Zealot  
  75  6:40  Zealot x2  
  75  6:41  Probe  
  75  6:46  Probe  
  81  6:52  Colossus (Chrono Boost)  
  81  6:53  Probe  
  87  7:10  Zealot x4  
  87  7:12  Probe x2  
  87  7:13  Probe  
  98  7:23  Forge  
  98  7:24  Probe  
  98  7:26  Forge  
  98  7:27  Probe x2  
  101  7:39  Observer  
  101  7:42  Templar Archives, Zealot x2  
  101  7:43  Zealot  
  101  7:44  Sentry  
  110  7:45  Probe, Pylon  
  111  7:57  Probe x2  
  113  8:00  Protoss Ground Weapons Level 1 (Chrono Boost), Pylon, Protoss Ground Armor Level 1 (Chrono Boost)  
  113  8:01  Pylon  
  113  8:04  Gateway  
  113  8:12  Probe (Chrono Boost), Gateway  
  116  8:13  Probe (Chrono Boost)  
  116  8:16  Probe (Chrono Boost)  
  114  8:24  Probe (Chrono Boost)  
  115  8:39  Blink (Chrono Boost), Stalker  
  115  8:40  Stalker x3  
  123  8:42  Immortal (Chrono Boost)  
  127  8:50  Probe x3  
  130  9:02  Probe  
  129  9:14  Immortal  
  109  9:26  Stalker x5  
  109  9:27  Stalker  
  109  9:28  Probe x2  
  121  9:32  Probe  
  121  9:37  Stargate  
  122  9:40  Probe  
  122  9:43  Probe  
  122  9:45  Dark Shrine  
  124  9:47  Gateway  
  124  10:06  Immortal, Nexus  
  128  10:09  Pylon  
  128  10:11  Pylon  
  128  10:15  Stalker x3  
  128  10:16  Stalker x2  
  128  10:17  Stalker  
  140  10:23  Probe  
  140  10:27  Probe  
  142  10:32  Pylon  
  142  10:34  Probe  
  143  10:40  Probe  
  143  10:42  Pylon  
  142  11:00  Zealot x6  
  142  11:01  Zealot  
  136  11:20  Zealot  
  136  11:21  Zealot x6  
  86  11:38  Probe  
Tags
 
Add a new tag
Caveats
  • Supply blocks, unpowered buildings, or Contaminate may cause inaccurate times.
  • Supply counts are checked every 10 seconds.